 Dungeon Crawl Stone Soup version 0.23.2-33-g5129a83184 (webtiles) character file.

Game seed: 11007784496678561361

179 psyvane the Sneak (level 5, -4/26 HPs)
             Began as a Vine Stalker Assassin on July 6, 2019.
             Slain by a worker ant (6 damage)
             ... on level 3 of the Dungeon.
             The game lasted 00:15:21 (2696 turns).

psyvane the Sneak (Vine Stalker Assassin)           Turns: 2696, Time: 00:15:21

Health: -4/26      AC:  4    Str: 14    XL:     5   Next: 59%
Magic:  0/6        EV: 16    Int: 11    God:
Gold:   220        SH:  0    Dex: 21    Spells: 2/4 levels left

rFire    . . .     SeeInvis .   a - +2 dagger
rCold    . . .     Gourm    .   (no shield)
rNeg     . . .     Faith    .   q - +0 leather armour
rPois    .         Spirit   +   (no helmet)
rElec    .         Reflect  .   d - +0 cloak
rCorr    .         Harm     .   (no gloves)
MR       .....                  (no boots)
Stlth    +++++.....             (no amulet)
HPRegen  0.48/turn              (no ring)
MPRegen  0.10/turn              (no ring)

@: agile, lethally poisoned (-4 -> -8)
A: fangs 2, regeneration 1, magic shield, antimagic bite, no potion heal 3, rot
immunity
a: no special abilities


You were on level 3 of the Dungeon.
You were not hungry.

You visited 1 branch of the dungeon, and saw 4 of its levels.

You collected 220 gold pieces.

Inventory:

Hand Weapons
 a - a +2 dagger (weapon)
 b - a +0 blowgun
 o - a +1 hunting sling of velocity
Missiles
 e - 22 poisoned needles
 f - 2 curare-tipped needles
 m - 142 stones (quivered)
Armour
 c - a +0 robe
 d - a +0 cloak (worn)
 p - a +0 large shield
 q - a +0 leather armour (worn)
 v - a +0 buckler
Wands
 t - a wand of flame (13)
Scrolls
 i - 3 scrolls of identify
 j - a scroll of fear {unknown}
 k - a scroll of enchant weapon {unknown}
 l - 3 scrolls of remove curse {unknown}
 n - 2 scrolls of noise {unknown}
 r - a scroll of teleportation {unknown}
 w - a scroll of blinking {unknown}
Potions
 s - a potion of might {unknown}
 u - a potion of flight {unknown}
 z - a potion of agility
 A - a potion of haste {unknown}
Comestibles
 g - 6 rations
 x - a chunk of flesh


   Skills:
 - Level 1.7 Fighting
 - Level 3.1 Short Blades
 - Level 1.7 Throwing
 - Level 0.7 Dodging
 * Level 7.6 Stealth


You had 2 spell levels left.
You knew the following spells:

 Your Spells              Type           Power        Failure   Level  Hunger
a - Call Imp              Summ           #.......     56%         2    ###....

Your spell library contained the following spells:

 Spells                   Type           Power        Failure   Level  Hunger
 Summon Small Mammal      Summ           #...         41%         1    ##.....
 Call Canine Familiar     Summ           #.......     80%         3    ####...
 Summon Guardian Golem    Hex/Summ       #.......     80%         3    ####...
 Summon Ice Beast         Ice/Summ       #.......     99%         4    #####..
 Summon Lightning Spire   Summ/Air       #.......     99%         4    #####..


Dungeon Overview and Level Annotations

Branches:
Dungeon (4/15)
 Temple: D:4-7

Altars:
Gozag
Hepliaklqana
Vehumet


Innate Abilities, Weirdness & Mutations

You have extremely sharp teeth.
Your natural rate of healing is unusually fast.
When hurt, damage is shared between your health and your magic reserves.
Your bite disrupts and absorbs the magic of your enemies.
Potions cannot restore your health.
You are immune to rotting.


Message History

You hit the worker ant but do no damage.
You bite the worker ant, but do no damage.
The worker ant is moderately wounded.
You feel sick. The worker ant bites you.
* * * LOW HITPOINT WARNING * * *
You are more poisoned.
The worker ant poisons you!
Sorry, you're not good enough to have a special ability.
As you read the scroll of fog, it crumbles to dust.
The scroll dissolves into smoke.
* * * LOW HITPOINT WARNING * * *
You feel sick. The worker ant bites you.
* * * LOW HITPOINT WARNING * * *
The worker ant bites you.
* * * LOW HITPOINT WARNING * * *
It was a potion of agility.
You feel agile all of a sudden.
* * * LOW HITPOINT WARNING * * *
You feel sick. The worker ant bites you.
You die...

#.#!....+.....#. ..
#.#.....##...... #.#
#.#.##+###.#.##. #..
#.#.##.###.<.##.
#.##.#.............
#..#.#.##..........
#§..#.##.#####.##.
#######§§§#.##..........
.....§a@§...............
######§§§>............##
###§#####.#####.### #.#
#.# #.# # #.# #.# #.# #
#.# #.# #.# # #.# #.#
#.# # #.# #.# #.# # #.#
#.# #


You could see a worker ant.

Vanquished Creatures
  An orc wizard (D:4)
  A worker ant (D:4)
  6 adders
  An ooze (D:2)
  A worm (D:2)
  2 dart slugs
  4 leopard geckos
  4 orcs (D:4)
  5 bats
  6 giant cockroaches
  3 goblins
  6 hobgoblins
  7 kobolds
  A quokka (D:2)
  A ball python (D:2)
  2 frilled lizards
  5 rats
56 creatures vanquished.

Vanquished Creatures (others)
  A frilled lizard (D:2)
1 creature vanquished.

Grand Total: 57 creatures vanquished

Notes
Turn   | Place    | Note
-------+----------+-------------------------------------------
     0 | D:1      | psyvane the Vine Stalker Assassin began the quest for the
                  | Orb.
     0 | D:1      | Reached XP level 1. HP: 11/11 MP: 2/2
   322 | D:1      | Reached skill level 5 in Stealth
   397 | D:1      | Reached XP level 2. HP: 13/15 MP: 3/3
   887 | D:2      | Reached skill level 6 in Stealth
   887 | D:2      | Reached XP level 3. HP: 10/18 MP: 4/4
  1437 | D:2      | Gained mutation: Your natural rate of healing is unusually
                  | fast. [Vine Stalker growth]
  1437 | D:2      | Reached XP level 4. HP: 21/23 MP: 5/5
  1460 | D:2      | Found a radiant altar of Vehumet.
  1755 | D:2      | Reached skill level 7 in Stealth
  1916 | D:3      | Found an opulent altar of Gozag.
  1995 | D:4      | Reached XP level 5. HP: 14/26 MP: 4/6
  2332 | D:3      | Found a hazy altar of Hepliaklqana.
  2526 | D:3      | Learned a level 2 spell: Call Imp
  2696 | D:3      | Slain by a worker ant

Skill      XL: |  1  2  3  4  5 |
---------------+----------------+-----
Stealth        | 5 6 7 |  7.6
Short Blades   | 2 3 |  3.1
Fighting       | |  1.7
Throwing       | |  1.7
Dodging        | |  0.7

Action                   |  1- 3 |  4- 6 || total
-------------------------+-------+-------++-------
Melee: Dagger            |    62 |   129 ||   191
       Bite              |    13 |    35 ||    48
  Use: Potion            |     2 |     1 ||     3
       Scroll            |     2 |     1 ||     3
 Stab: Sleeping          |    11 |     5 ||    16
       Distracted        |     2 |       ||     2
  Eat: Chunk             |     1 |     5 ||     6
Armor: Leather armour    |    14 |    23 ||    37
Dodge: Dodged            |    25 |    66 ||    91
